[Event "Team 45 45 League T70"]
[Site "Internet Chess Club"]
[Date "2016.10.03"]
[Round "4"]
[White "Knight77"]
[Black "santiagoelawad"]
[Result "1-0"]
[WhiteElo "1810"]
[BlackElo "2005"]
[Opening "Réti opening"]
[ECO "A05"]
[Time "21:12:12"]
[TimeControl "2700+45"]

1. Nf3 Nf6 2. g3 d5 3. Bg2 h6 4. d3 Bf5 5. O-O e6 6. Nbd2 Be7 7. e4 Bh7 8. Qe2
c6 9. Re1 O-O 10. e5 Nfd7 11. h4 c5 12. Nf1 Nc6 13. Bf4 Nd4 14. Nxd4 cxd4 15.
Nh2 Rc8 16. a3 Qb6 17. b3 Qc7 18. Ra2 a5 19. Nf3 Qb6 20. g4 Rc6 21. h5 Rfc8 22.
Qd2 Bf8 23. g5 hxg5 24. Bxg5 Bf5 25. Qf4 Rxc2 26. Rxc2 Rxc2 27. Nxd4 Rb2 28.
Nxf5 exf5 29. Bxd5 Bc5 30. Bxf7+ Kxf7 31. e6+ Kg8 32. exd7 Rxf2 33. Qc4+ Kh7 34.
d4 Bxd4 35. d8=Q Re2+ 36. Qdxd4 Rxe1+ {Black resigns} 1-0

[Event "Team 45 45 League T70"]
[Site "Internet Chess Club"]
[Date "2016.10.01"]
[Round "4"]
[White "PoisonPawn"]
[Black "Capt-Morgan"]
[Result "1-0"]
[WhiteElo "2084"]
[BlackElo "1897"]
[Opening "Scandinavian (center counter) defense"]
[ECO "B01"]
[Time "18:39:20"]
[TimeControl "2700+45"]

1. e4 d5 2. exd5 Qxd5 3. Nf3 Bg4 4. Be2 Nd7 5. d4 c6 6. h3 Bh5 7. O-O Ngf6 8.
Bf4 e6 9. c4 Qf5 10. Bh2 Bxf3 11. Bxf3 Qa5 12. a3 Be7 13. Nc3 O-O 14. Re1 Rfe8
15. d5 exd5 16. cxd5 cxd5 17. Nxd5 Bf8 18. b4 Rxe1+ 19. Qxe1 Qd8 20. Rd1 Qe8 21.
Nxf6+ Nxf6 22. Bxb7 Qxe1+ 23. Rxe1 Rd8 24. Bf4 Rd3 25. Ra1 Nd5 26. Bb8 Nc3 27.
Re1 f6 28. Re3 Rxe3 29. fxe3 Nb1 30. Bd5+ Kh8 31. Bxa7 Nxa3 32. Bc5 Bxc5 33.
bxc5 g6 34. Kf2 Kg7 35. g4 Nb5 36. e4 h6 37. Bc4 Nc7 38. h4 Kf8 39. Ke3 Ke7 40.
Kd4 g5 41. hxg5 fxg5 42. Ke5 Ne8 43. Kf5 Nf6 44. Bb5 h5 45. gxh5 Nxh5 46. Kxg5
Ng7 47. Bc4 Ne8 48. Kf5 Nc7 49. Ke5 Kd7 50. Bd5 Na6 51. Kd4 Nc7 52. Kc4 Ke7 53.
Kb4 Kd7 54. Ka5 Ke7 55. Kb6 Kd8 56. Bc4 Ne8 57. Kc6 Ke7 58. Bd5 Kd8 59. e5 Nc7
60. Kd6 Kc8 61. Bc6 Kd8 62. e6 {Black resigns} 1-0

[Event "Team 45 45 League T70"]
[Site "Internet Chess Club"]
[Date "2016.10.02"]
[Round "4"]
[White "IshanR"]
[Black "Portola"]
[Result "1-0"]
[WhiteElo "1884"]
[BlackElo "1683"]
[Opening "French: Rubinstein variation"]
[ECO "C10"]
[Time "20:03:53"]
[TimeControl "2700+45"]

1. e4 e6 2. d4 d5 3. Nc3 dxe4 4. Nxe4 Be7 5. Nf3 Nd7 6. Bd3 Ngf6 7. Nxf6+ Bxf6
8. O-O O-O 9. Re1 c5 10. c3 Qc7 11. Qc2 h6 12. Qe2 Be7 13. Ne5 Nf6 14. Bf4 Qb6
15. Rad1 cxd4 16. cxd4 Rd8 17. a3 Qa5 18. Qe3 Bf8 19. Qg3 Nh5 20. Qf3 Nf6 21.
Bxh6 gxh6 22. Qxf6 Qc7 23. Re3 {Black resigns} 1-0

[Event "Team 45 45 League T70"]
[Site "Internet Chess Club"]
[Date "2016.09.29"]
[Round "4"]
[White "pokerram"]
[Black "cityprosecutor"]
[Result "0-1"]
[WhiteElo "1551"]
[BlackElo "1751"]
[Opening "Réti opening"]
[ECO "A04"]
[Time "16:00:48"]
[TimeControl "2700+45"]

1. Nf3 d6 2. d4 Nf6 3. c4 c5 4. Nc3 Qb6 5. d5 g6 6. e4 Bg4 7. Be2 Bg7 8. Nd2
Bxe2 9. Qxe2 O-O 10. O-O Re8 11. f4 Na6 12. e5 dxe5 13. fxe5 Nd7 14. Nf3 e6 15.
Bf4 exd5 16. cxd5 Rac8 17. Rae1 c4+ 18. Kh1 Nb4 19. e6 fxe6 20. dxe6 Nf6 21. e7
Nd3 22. Qe6+ Qxe6 23. Rxe6 Nxf4 24. Ree1 N6d5 25. Nb5 Rxe7 26. Rxe7 Nxe7 27. Nd6
Rf8 28. Ng5 Ne6 29. Rxf8+ Nxf8 30. Nxc4 b5 31. Nd6 b4 32. b3 Nd5 33. Nc8 Bd4 34.
Ne4 Nc3 35. Ned6 Ne6 36. Nc4 Nxa2 37. Ne7+ Kf7 38. Nd5 Nc5 39. Na5 Ke6 40. Nc7+
Kf5 41. Nb5 Bf2 42. g3 a6 43. Nd6+ Ke5 44. Ndc4+ Kd4 45. Kg2 Be1 46. Kf1 Bc3 47.
Nc6+ Kd3 48. N6a5 Nxb3 {White resigns} 0-1

[Event "Team 45 45 League T70"]
[Site "Internet Chess Club"]
[Date "2016.10.02"]
[Round "4"]
[White "passedpawn"]
[Black "lacibacsi"]
[Result "1/2-1/2"]
[WhiteElo "1908"]
[BlackElo "2046"]
[Opening "King's Indian: London system"]
[ECO "A48"]
[Time "10:30:54"]
[TimeControl "2700+45"]

1. d4 Nf6 2. Nf3 g6 3. Bf4 Bg7 4. h3 O-O 5. e3 d6 6. Be2 c5 7. c3 Qb6 8. Qb3 Nc6
9. Nbd2 Be6 10. Qxb6 axb6 11. a3 h6 12. O-O Rfe8 13. Rac1 g5 14. Bh2 Bf5 15.
Rfd1 d5 16. Ne5 c4 17. Ndf3 Ne4 {Game drawn by mutual agreement} 1/2-1/2

[Event "Team 45 45 League T70"]
[Site "Internet Chess Club"]
[Date "2016.10.08"]
[Round "4"]
[White "Tobiasdelmonte"]
[Black "spongenotbob"]
[Result "0-1"]
[WhiteElo "1692"]
[BlackElo "1854"]
[Opening "King's Indian: 6.Be2"]
[ECO "E91"]
[Time "19:06:45"]
[TimeControl "2700+45"]

1. d4 Nf6 2. c4 g6 3. Nc3 Bg7 4. e4 d6 5. Be2 O-O 6. Nf3 a5 7. d5 e5 8. Bg5 Na6
9. Nd2 Nc5 10. b3 h6 11. Bh4 Qe8 12. Qc2 c6 13. O-O Nfd7 14. a3 f5 15. b4 Na6
16. b5 cxb5 17. exf5 gxf5 18. Nxb5 e4 19. Nxd6 Qg6 20. Nxc8 Raxc8 21. Rab1 Nac5
22. f4 Bd4+ 23. Kh1 Kh7 24. Nb3 Rg8 25. Bg3 Nxb3 26. Rxb3 Nc5 27. Rb5 h5 28. Qd1
h4 29. Qxd4 hxg3 30. Rxc5 gxh2 31. Rf2 Qb6 32. g3 Qb1+ 33. Rf1 Qb6 34. Rf2 Qb1+
35. Bd1 Rxc5 36. Rb2 Rxc4 37. Rxh2+ Kg6 38. Qxc4 Qxd1+ 39. Kg2 e3 40. Qc7 Qe2+
41. Kg1 Qe1+ 42. Kg2 Qf2+ {White resigns} 0-1

[Event "Team 45 45 League T70"]
[Site "Internet Chess Club"]
[Date "2016.10.01"]
[Round "4"]
[White "qingjoshua"]
[Black "JPSVI"]
[Result "0-1"]
[WhiteElo "1740"]
[BlackElo "1771"]
[Opening "French: Tarrasch, closed variation"]
[ECO "C05"]
[Time "23:04:05"]
[TimeControl "2700+45"]

1. e4 e6 2. d4 d5 3. Nd2 Nf6 4. e5 Nfd7 5. Bd3 c5 6. c3 Nc6 7. Ne2 Be7 8. O-O
O-O 9. Nf3 b6 10. a3 a5 11. Be3 Ba6 12. Bxa6 Rxa6 13. b3 Re8 14. Qd3 Ra7 15.
Rfc1 Nf8 16. Ng3 h6 17. Qb5 Qc7 18. h3 Rc8 19. Kh1 Nd7 20. Ne2 a4 21. Ra2 Ra5
22. Qd3 axb3 23. Rb2 c4 24. Qd1 Bxa3 25. Rcb1 Bxb2 26. Rxb2 Rca8 27. Qd2 Ra2 28.
Nc1 Rxb2 29. Qxb2 Qa7 30. Kh2 Qa1 31. Qxa1 Rxa1 32. Ne2 b2 33. Nd2 Rd1 {White
resigns} 0-1

[Event "Team 45 45 League T70"]
[Site "Internet Chess Club"]
[Date "2016.09.30"]
[Round "4"]
[White "nidusin2"]
[Black "arnav07"]
[Result "1-0"]
[WhiteElo "1571"]
[BlackElo "1524"]
[Opening "Grünfeld: 5.Bf4"]
[ECO "D92"]
[Time "20:06:50"]
[TimeControl "2700+45"]

1. d4 Nf6 2. Nf3 g6 3. c4 Bg7 4. Nc3 d5 5. Bf4 c6 6. e3 O-O 7. Bd3 Nbd7 8. h3
Re8 9. O-O Nb6 10. b3 h6 11. Qc2 Be6 12. c5 Nbd7 13. b4 Nf8 14. b5 Bd7 15. a4
Ne6 16. Bh2 Bf8 17. Ne5 Bg7 18. bxc6 bxc6 19. Rab1 Qc8 20. Rb2 Ng5 21. f3 Bf5
22. e4 dxe4 23. fxe4 Bd7 24. Rfb1 Ne6 25. Ne2 Rd8 26. Rb7 Bf8 27. Qb2 Ne8 28.
Nf4 Nxf4 29. Bxf4 g5 30. Bh2 Nf6 31. Qb3 Be6 32. Nc4 Rxd4 33. Qc2 Qd8 34. Ne5
Bd7 35. Kh1 Rc8 36. Bg1 {Black resigns} 1-0

[Event "Team 45 45 League T70"]
[Site "Internet Chess Club"]
[Date "2016.10.01"]
[Round "4"]
[White "santiagoelawad"]
[Black "Ptzz"]
[Result "0-1"]
[WhiteElo "2031"]
[BlackElo "1986"]
[Opening "English: symmetrical variation"]
[ECO "E65"]
[Time "08:09:42"]
[TimeControl "2700+45"]

1. c4 c5 2. Nc3 g6 3. Nf3 Nf6 4. g3 Bg7 5. Bg2 Nc6 6. O-O d6 7. d4 O-O 8. h3 a6
9. Be3 cxd4 10. Nxd4 Bd7 11. Rc1 Nxd4 12. Bxd4 Bc6 13. Nd5 Nxd5 14. cxd5 Bd7 15.
Bxg7 Kxg7 16. Qb3 b5 17. Qe3 Re8 18. Rc2 Rc8 19. Rfc1 Rxc2 20. Rxc2 Qa5 21. Qd4+
Kg8 22. b4 Qa3 23. Rc7 Bc8 24. Qc3 Qxc3 25. Rxc3 Bf5 26. Rc7 Kf8 27. e4 Bc8 28.
f4 Rd8 29. Kf2 Ke8 30. g4 h6 31. Bf1 Bd7 32. Ra7 Bc8 33. Rc7 f6 34. Bd3 g5 35.
f5 Bd7 36. Ke3 Ra8 37. a3 a5 38. Rxd7 Kxd7 39. Bxb5+ Kc7 40. bxa5 Rxa5 41. a4
Kb6 42. Kd4 Ra8 43. Kc4 Rh8 44. Kb4 h5 45. Be2 hxg4 46. a5+ Ka7 47. Bxg4 Rc8 48.
Kb5 Rc5+ 49. Kb4 Rc1 50. Kb5 Rc3 51. a6 Rc5+ 52. Kb4 Kxa6 53. Be2+ Kb6 54. Bc4
Rc8 55. Be2 Rc2 56. Bg4 Rc1 57. Bf3 Rf1 58. Be2 Re1 59. Bf3 Re3 60. Bg2 Rg3 61.
Bf1 Rg1 62. Be2 Re1 63. Bf3 Ka6 64. Kc4 Re3 65. Bg2 Rg3 66. Bf1 Ka5 67. Kd4 Kb4
{White resigns} 0-1

[Event "Team 45 45 League T70"]
[Site "Internet Chess Club"]
[Date "2016.09.30"]
[Round "4"]
[White "Holgate"]
[Black "primerpaso"]
[Result "1-0"]
[WhiteElo "2025"]
[BlackElo "1830"]
[Opening "Sicilian: Najdorf"]
[ECO "B90"]
[Time "15:01:51"]
[TimeControl "2700+45"]

1. e4 c5 2. Nf3 d6 3. d4 cxd4 4. Nxd4 Nf6 5. Nc3 a6 6. f3 e5 7. Nb3 Be6 8. Be3
Nbd7 9. Qd2 b5 10. a4 b4 11. Nd5 Bxd5 12. exd5 Nb6 13. Bxb6 Qxb6 14. a5 Qb7 15.
Bc4 Be7 16. Ra4 Rb8 17. Nc1 O-O 18. Na2 Bd8 19. Nxb4 Bxa5 20. Rxa5 Qxb4 21. Qxb4
Rxb4 22. b3 Rb6 23. Kd2 Ra8 24. Rha1 Kf8 25. c3 e4 26. f4 Ke7 27. Ke3 Kd8 28.
Kd4 Kc7 29. Rxa6 Re8 30. Rxb6 Kxb6 31. Ra6+ Kb7 32. Ra2 Nh5 33. g3 f5 34. Be2
Nf6 35. c4 Rb8 36. b4 Kc8 37. Kc3 Kb7 38. Ra5 Rc8 39. Kd4 Kb6 40. Ra3 Nd7 41.
Bd1 g6 42. g4 Rc7 43. g5 Nb8 44. Rb3 Rd7 45. c5+ Kb5 46. Be2+ Ka4 47. Rb2 dxc5+
48. bxc5 Nc6+ 49. Kc3 {Black resigns} 1-0

[Event "Team 45 45 League T70"]
[Site "Internet Chess Club"]
[Date "2016.09.29"]
[Round "4"]
[White "QuieroAprender"]
[Black "Tobiasdelmonte"]
[Result "1/2-1/2"]
[WhiteElo "1673"]
[BlackElo "1682"]
[Opening "Petrov three knights game"]
[ECO "C42"]
[Time "20:32:36"]
[TimeControl "2700+45"]

1. e4 e5 2. Nf3 Nf6 3. Nc3 Bb4 4. d3 d6 5. h3 O-O 6. a3 Ba5 7. Bd2 Nc6 8. Be2
Be6 9. O-O h6 10. Qe1 d5 11. exd5 Nxd5 12. Nxd5 Bxd2 13. Nxd2 Qxd5 14. Bf3 Qc5
15. Bxc6 Qxc6 16. Rc1 Bd5 17. f3 Qb6+ 18. Rf2 Qxb2 19. c4 Bc6 20. Nb1 Qd4 21.
Qc3 Rad8 22. Qxd4 Rxd4 23. Rd2 Rfd8 24. Rc3 e4 25. fxe4 Bxe4 26. Rb2 Rxd3 27.
Rxd3 Rxd3 28. Rd2 Rb3 29. Rd8+ Kh7 30. Nd2 Rd3 31. Rxd3 Bxd3 32. Kf2 Kg6 33. Ke3
Bc2 34. Kf4 Kf6 35. c5 g5+ 36. Kg4 b6 37. cxb6 cxb6 38. Kh5 Kg7 39. h4 Bd1+ 40.
g4 f5 41. hxg5 Bxg4+ 42. Kh4 hxg5+ 43. Kxg5 Kf7 44. Kf4 Ke6 45. Nc4 Kd5 46. Ne5
Kd4 47. Nc6+ Kc3 48. Nxa7 Kb3 49. Nb5 Ka4 50. Nd6 Kb3 51. Nc8 b5 52. Nd6 Ka4 53.
Ke5 Ka5 54. Nb7+ Kb6 55. Nd8 Kc5 56. Nb7+ Kc6 57. Nd6 Bh3 58. Nf7 Kc5 59. Nd6
Kc6 60. Nf7 Kc5 61. Nd6 Bg4 62. Nb7+ Kc6 63. Nd6 Kc5 64. Nb7+ {Game drawn by
repetition} 1/2-1/2

[Event "Team 45 45 League T70"]
[Site "Internet Chess Club"]
[Date "2016.10.01"]
[Round "4"]
[White "SlimeDog2"]
[Black "JJ12"]
[Result "0-1"]
[WhiteElo "2059"]
[BlackElo "2208"]
[Opening "Benkö gambit accepted"]
[ECO "A58"]
[Time "20:03:28"]
[TimeControl "2700+45"]

1. d4 Nf6 2. c4 c5 3. d5 b5 4. cxb5 a6 5. bxa6 g6 6. Nc3 Bxa6 7. Nf3 Bg7 8. g3
O-O 9. Bg2 d6 10. O-O Nbd7 11. Rb1 Ne8 12. Qc2 Nc7 13. Rd1 Nb6 14. e4 Qd7 15. b3
e6 16. dxe6 Nxe6 17. Bb2 Nd4 18. Nxd4 cxd4 19. Nd5 Nxd5 20. exd5 Rfc8 21. Qd2 d3
22. Bxg7 Kxg7 23. Rbc1 Qf5 24. Rc6 Bb5 25. Qc3+ Kg8 26. Rxc8+ Rxc8 27. Qd4 Qe5
28. Qxe5 dxe5 29. Be4 d2 30. Rxd2 Rc1+ 31. Kg2 Bf1+ 32. Kf3 f5 33. Bc2 Kf7 34.
g4 Kf6 35. gxf5 gxf5 36. d6 Bb5 37. Bxf5 Rc3+ 38. Kg2 Bc6+ 39. Kf1 Kxf5 40. d7
Rc1+ 41. Ke2 Bb5+ 42. Kf3 e4+ 43. Kg3 Rg1+ 44. Kh4 Rg4+ 45. Kh5 Bxd7 46. Rxd7
Rg2 47. h4 Ke6 48. Rd2 Kf5 49. Rd8 Ke5 50. Rf8 Rg1 51. a4 Rb1 52. a5 Rxb3 53. a6
Ra3 54. Ra8 Kf6 55. Kh6 Ra5 56. a7 Kf7 57. Kxh7 Rh5# {White checkmated} 0-1

[Event "Team 45 45 League T70"]
[Site "Internet Chess Club"]
[Date "2016.10.01"]
[Round "4"]
[White "Monterrey"]
[Black "ArturitoGalacti"]
[Result "1-0"]
[WhiteElo "2042"]
[BlackElo "1851"]
[Opening "Dutch defense, Rubinstein variation"]
[ECO "A40"]
[Time "19:00:54"]
[TimeControl "2700+45"]

1. d4 e6 2. c4 f5 3. Nc3 Nf6 4. e3 d5 5. Bd3 c6 6. Qc2 Bb4 7. Ne2 O-O 8. O-O Bd7
9. a3 Bd6 10. f3 Na6 11. c5 Bb8 12. Bd2 e5 13. dxe5 Bxe5 14. b4 g6 15. Nd4 Nc7
16. Rae1 Ne6 17. Nce2 Qb8 18. g3 Kg7 19. Bc3 h5 20. Qb2 Nxd4 21. Nxd4 Bc7 22. e4
fxe4 23. fxe4 Bxg3 24. Ne6+ Bxe6 25. Bxf6+ Kg8 26. Qg2 dxe4 27. Bxe4 Bf5 28. Ba1
Bxe4 29. Qxe4 Bxh2+ 30. Kh1 Qg3 31. Qe6+ Kh7 32. Qe7+ Kh6 33. Bg7+ Kh7 34. Bf6+
{Black resigns} 1-0

[Event "Team 45 45 League T70"]
[Site "Internet Chess Club"]
[Date "2016.10.01"]
[Round "4"]
[White "laurenpar"]
[Black "achessman"]
[Result "1/2-1/2"]
[WhiteElo "1851"]
[BlackElo "1901"]
[Opening "QGD: semi-Slav"]
[ECO "D31"]
[Time "22:09:02"]
[TimeControl "2700+45"]

1. c4 e6 2. Nc3 d5 3. d4 c6 4. cxd5 exd5 5. Bf4 Bf5 6. e3 Bd6 7. Bxd6 Qxd6 8.
Bd3 Bxd3 9. Qxd3 Nf6 10. Nf3 Nbd7 11. h3 O-O 12. O-O Rfe8 13. Nd2 Re7 14. Rab1
a5 15. Rfe1 Rae8 16. Nf1 Ne4 17. Nxe4 dxe4 18. Qc2 Kh8 19. Ng3 {Game drawn by
mutual agreement} 1/2-1/2

[Event "Team 45 45 League T70"]
[Site "Internet Chess Club"]
[Date "2016.10.02"]
[Round "4"]
[White "Elalfer"]
[Black "Goli"]
[Result "0-1"]
[WhiteElo "1619"]
[BlackElo "1781"]
[Opening "King's Indian: 6.Be2"]
[ECO "E91"]
[Time "17:00:28"]
[TimeControl "2700+45"]

1. d4 Nf6 2. c4 g6 3. Nc3 Bg7 4. e4 d6 5. Nf3 O-O 6. Be2 Bg4 7. O-O Nc6 8. d5
Bxf3 9. Bxf3 Ne5 10. Be2 c6 11. Be3 a6 12. a4 cxd5 13. cxd5 Rc8 14. f3 Nc4 15.
Bd4 e5 16. Bf2 Nh5 17. Bxc4 Rxc4 18. Qb3 Qc8 19. g3 f5 20. Rac1 fxe4 21. Ne2
Rxc1 22. Rxc1 Qd7 23. fxe4 Nf6 24. Qc2 Qh3 25. Bb6 Ng4 26. Nc3 Bh6 27. Re1 Rf3
28. Qg2 Qxg2+ 29. Kxg2 Rd3 30. Re2 Kf7 31. h3 Ne3+ 32. Bxe3 Bxe3 33. g4 Bf4 34.
Rc2 Rd2+ 35. Rxd2 Bxd2 36. Ne2 Kf6 37. Kg3 Be1+ 38. Kf3 Kg5 39. Nc3 Kh4 40. Kg2
Bxc3 41. bxc3 b5 42. axb5 axb5 43. Kh2 h5 44. gxh5 Kxh5 45. Kg3 g5 46. Kf3 Kh4
47. Kg2 g4 48. hxg4 Kxg4 49. Kf2 Kf4 50. Ke2 Kxe4 51. Kd2 Kxd5 52. Ke3 Kc4 53.
Kd2 {White resigns} 0-1

[Event "Team 45 45 League T70"]
[Site "Internet Chess Club"]
[Date "2016.10.02"]
[Round "4"]
[White "Egmont"]
[Black "cayo89"]
[Result "1/2-1/2"]
[WhiteElo "1722"]
[BlackElo "1716"]
[Opening "Budapest: Rubinstein variation"]
[ECO "A52"]
[Time "06:01:34"]
[TimeControl "2700+45"]

1. d4 Nf6 2. c4 e5 3. dxe5 Ng4 4. Bf4 Nc6 5. Nf3 Bb4+ 6. Nbd2 Qe7 7. e3 Ngxe5 8.
Nxe5 Nxe5 9. Be2 d6 10. Bxe5 dxe5 11. Qa4+ Bd7 12. Qc2 Bc6 13. O-O-O O-O-O 14.
Bf3 Bxd2+ 15. Rxd2 Rxd2 16. Qxd2 Bxf3 17. gxf3 Rd8 18. Qc2 g6 19. h4 h5 20. Qe4
Qd6 21. Qc2 Qe7 22. Qe4 Qd6 23. Qc2 Qe7 {Game drawn by repetition} 1/2-1/2

[Event "Team 45 45 League T70"]
[Site "Internet Chess Club"]
[Date "2016.10.01"]
[Round "4"]
[White "krysto"]
[Black "julesraider"]
[Result "0-1"]
[WhiteElo "1604"]
[BlackElo "1624"]
[Opening "King's Indian: orthodox, Aronin-Taimanov, bayonet attack"]
[ECO "E97"]
[Time "09:13:24"]
[TimeControl "2700+45"]

1. d4 Nf6 2. c4 g6 3. Nc3 Bg7 4. e4 d6 5. Nf3 O-O 6. Be2 e5 7. O-O Nc6 8. d5 Ne7
9. b4 Nh5 10. Ne1 Nf4 11. Be3 Nxe2+ 12. Qxe2 f5 13. f3 f4 14. Bf2 g5 15. Nd3 Ng6
16. c5 Rf7 17. b5 h5 18. a4 g4 19. Nb4 Qg5 20. Qe1 gxf3 {White resigns} 0-1

[Event "Team 45 45 League T70"]
[Site "Internet Chess Club"]
[Date "2016.10.01"]
[Round "4"]
[White "AVEMARIA"]
[Black "Pawnchain"]
[Result "1-0"]
[WhiteElo "1654"]
[BlackElo "1507"]
[Opening "French: Tarrasch, closed variation"]
[ECO "C05"]
[Time "07:00:53"]
[TimeControl "2700+45"]

1. e4 e6 2. d4 d5 3. Nd2 Nf6 4. e5 Nfd7 5. Bd3 c5 6. c3 Nc6 7. Ne2 f6 8. exf6
Nxf6 9. Nf3 Bd6 10. O-O cxd4 11. cxd4 O-O 12. Be3 Bd7 13. a3 Ng4 14. Bg5 Qe8 15.
Ng3 Bxg3 16. hxg3 Qh5 17. Bh4 h6 18. Nh2 e5 19. Be2 Nxd4 20. Bxg4 Qxg4 21. Nxg4
{Black resigns} 1-0

[Event "Team 45 45 League T70"]
[Site "Internet Chess Club"]
[Date "2016.10.01"]
[Round "4"]
[White "evan7284"]
[Black "zepled37"]
[Result "1-0"]
[WhiteElo "1777"]
[BlackElo "1668"]
[Opening "King's Indian: Torre attack"]
[ECO "A48"]
[Time "09:01:06"]
[TimeControl "2700+45"]

1. d4 Nf6 2. Nf3 g6 3. Bg5 Bg7 4. Nbd2 d5 5. e3 O-O 6. Be2 Nbd7 7. O-O Re8 8. c4
c5 9. cxd5 Nxd5 10. e4 Nc7 11. Nb3 Ne6 12. Be3 cxd4 13. Nfxd4 Nxd4 14. Bxd4 Nf8
15. Bxg7 Qxd1 16. Rfxd1 Kxg7 17. Bb5 Be6 18. Bxe8 Rxe8 19. Nc5 Bc8 20. Rd3 b6
21. Nb3 Ne6 22. Rad1 h5 23. g3 g5 24. f3 Ba6 25. Rd7 Be2 26. R1d2 Bxf3 27. e5 a5
28. Nd4 Nxd4 29. R2xd4 e6 30. Rd8 Rxd8 31. Rxd8 a4 32. Rb8 Bd5 33. a3 f5 34.
Rxb6 Kf7 35. Kf2 f4 36. gxf4 gxf4 37. Rb4 f3 38. Rxa4 Kg6 39. Rf4 Kg5 40. Rxf3
Kg4 41. Re3 Kf4 42. a4 Bc6 43. a5 Bb5 44. Rh3 Kg4 45. Rb3 Bc4 46. Rb6 Kf4 47. a6
Kxe5 48. a7 Bd5 49. Rb5 Kd6 50. Rxd5+ {Black resigns} 1-0

[Event "Team 45 45 League T70"]
[Site "Internet Chess Club"]
[Date "2016.09.29"]
[Round "4"]
[White "Grenadier"]
[Black "GrandUnified"]
[Result "1-0"]
[WhiteElo "1592"]
[BlackElo "1571"]
[Opening "Vienna game"]
[ECO "C28"]
[Time "19:30:10"]
[TimeControl "2700+45"]

1. e4 e5 2. Bc4 Nf6 3. Nc3 Nc6 4. d3 d6 5. f4 Bg4 6. Nf3 g6 7. h3 Bxf3 8. Qxf3
Nd4 9. Qf2 Bg7 10. Be3 Nc6 11. O-O Qd7 12. Nd5 Nxd5 13. Bxd5 O-O 14. f5 Nb4 15.
Bb3 d5 16. Bc5 Na6 17. Bxf8 Rxf8 18. Bxd5 c6 19. Bb3 Nc7 20. fxg6 hxg6 21. Qg3
Kh7 22. Qh4+ Kg8 23. Rf3 Ne8 24. Raf1 Qd4+ 25. Kh1 Nd6 26. c3 Qb6 27. Qe7 c5 28.
Bxf7+ Nxf7 29. Rxf7 Rxf7 30. Rxf7 {Black resigns} 1-0

[Event "Team 45 45 League T70"]
[Site "Internet Chess Club"]
[Date "2016.10.01"]
[Round "4"]
[White "bradleyguo175"]
[Black "bmw2002"]
[Result "1-0"]
[WhiteElo "1595"]
[BlackElo "1471"]
[Opening "King's Indian: orthodox variation"]
[ECO "E94"]
[Time "13:04:22"]
[TimeControl "2700+45"]

1. d4 Nf6 2. c4 g6 3. Nc3 Bg7 4. e4 d6 5. Be2 e5 6. Nf3 O-O 7. O-O exd4 8. Nxd4
Nc6 9. Be3 Ne8 10. Nxc6 bxc6 11. Qd2 Be6 12. Rad1 a5 13. b3 f5 14. Bd4 Nf6 15.
e5 dxe5 16. Bxe5 Qe7 17. Qf4 Ng4 18. Bxg7 Qxg7 19. Na4 g5 20. Qd2 Qe5 21. Bxg4
fxg4 22. Rfe1 Qf6 23. Nc5 Rad8 24. Qe3 Rxd1 25. Rxd1 Bc8 26. Ne4 Qf4 27. Nxg5
Qf6 28. Ne4 Qb2 29. Qd2 Qe5 30. Qg5+ Qxg5 31. Nxg5 Bf5 32. Re1 Rd8 33. f3 Rd2
34. fxg4 Bxg4 35. Re7 Rxa2 36. Rxc7 h6 37. Ne4 Rb2 38. Nf6+ {Black resigns} 1-0

[Event "Team 45 45 League T70"]
[Site "Internet Chess Club"]
[Date "2016.10.02"]
[Round "4"]
[White "GoIrish"]
[Black "zorori"]
[Result "0-1"]
[WhiteElo "1512"]
[BlackElo "1609"]
[Opening "Réti: King's Indian attack"]
[ECO "A05"]
[Time "20:53:04"]
[TimeControl "2700+45"]

1. Nf3 Nf6 2. g3 g6 3. Bg2 Bg7 4. O-O O-O 5. d3 d5 6. Nbd2 c5 7. e4 Nc6 8. exd5
Nxd5 9. c3 Qc7 10. Ne4 Qb6 11. Qc2 Bf5 12. Nfd2 Ne5 13. Re1 Nf6 14. Nxf6+ Bxf6
15. Ne4 Bg7 16. Be3 Rfd8 17. Bxc5 Qc7 18. Bd4 Rxd4 19. Qb3 Rxd3 20. Ng5 Qb6 21.
Qa3 Qd6 22. Qb3 Qb6 23. Qxb6 axb6 24. Bxb7 Ra7 25. Bg2 Bf6 26. Ne4 Bxe4 27. Bxe4
Rd2 28. f4 Nc4 29. b3 Nd6 30. Bf3 Rdxa2 31. Rxa2 Rxa2 32. g4 Bxc3 33. Rxe7 Bd4+
34. Kh1 Ra3 35. Bd5 Ra1+ 36. Kg2 Rg1+ 37. Kh3 Rd1 38. Rd7 Bc5 39. Bxf7+ Kf8 40.
f5 Rd3+ 41. Kg2 Rd2+ 42. Kh3 gxf5 43. gxf5 Rd3+ 44. Kg2 Rd4 45. Be6 Rg4+ 46. Kf3
Rg7 47. Rxg7 Kxg7 48. Kf4 Kf6 49. Kg4 Be3 50. Bg8 h6 51. Be6 Nb5 52. Kf3 Bg5 53.
h3 Nd4+ 54. Ke4 Nxe6 55. fxe6 Kxe6 56. Kd4 Kd6 57. Kc4 Kc6 58. Kb4 b5 59. Ka5
Kc5 60. Ka6 Kb4 61. Kb6 Kxb3 62. Kxb5 Kc3 {White resigns} 0-1

[Event "Team 45 45 League T70"]
[Site "Internet Chess Club"]
[Date "2016.10.01"]
[Round "4"]
[White "fishhead"]
[Black "Packerfan"]
[Result "1-0"]
[WhiteElo "1808"]
[BlackElo "1681"]
[Opening "Ruy Lopez: Schliemann defense, Berger variation"]
[ECO "C63"]
[Time "10:00:40"]
[TimeControl "2700+45"]

1. e4 e5 2. Nf3 Nc6 3. Bb5 f5 4. Nc3 fxe4 5. Nxe4 Nf6 6. d3 d6 7. c3 Nxe4 8.
dxe4 Be6 9. Ng5 Qd7 10. Nxe6 Qxe6 11. Qd5 Qd7 12. b4 O-O-O 13. Be3 Kb8 14. a4 a6
15. Be2 Ne7 16. Qd3 d5 17. O-O Nc8 18. Rfd1 d4 19. Bd2 dxc3 20. Qxc3 Bd6 21. a5
Na7 22. Be3 Nb5 23. Qc4 Qe7 24. Rdb1 Rhf8 25. f3 Nd4 26. Bxd4 exd4 27. b5 axb5
28. Qxb5 c6 29. Qxc6 Qc7 30. Qxc7+ Kxc7 31. a6 bxa6 32. Rxa6 Kd7 33. Ra7+ Ke6
34. Rxg7 Be5 35. Rxh7 Rd6 36. g3 d3 37. Bd1 d2 38. Kf2 Rfd8 39. f4 Bc3 40. Bg4+
Kf6 41. e5+ Bxe5 42. fxe5+ Kxe5 43. Rd1 Rd4 44. Bh5 Kf6 45. Rf7+ Kg5 46. Bf3 Kg6
47. Re7 Rf8 48. Re3 Kg5 49. Ke2 Rfd8 50. h4+ Kf6 51. Be4 Ke5 52. Bd3+ Kf6 53.
Rxd2 Kg7 54. Rc2 Kh6 55. Rc5 {Black resigns} 1-0

[Event "Team 45 45 League T70"]
[Site "Internet Chess Club"]
[Date "2016.10.03"]
[Round "4"]
[White "Lrn2Mate"]
[Black "kidcobra"]
[Result "1/2-1/2"]
[WhiteElo "1640"]
[BlackElo "1754"]
[Opening "Queen's pawn: London system"]
[ECO "A45"]
[Time "20:09:04"]
[TimeControl "2700+45"]

1. d4 Nf6 2. Bf4 d6 3. Nf3 g6 4. e3 Bg7 5. h3 O-O 6. Bd3 Nbd7 7. O-O Nd5 8. Bg3
Nb4 9. Be2 e5 10. a3 Nc6 11. d5 Ne7 12. e4 f5 13. Nbd2 Nf6 14. Bd3 fxe4 15. Nxe4
Nxe4 16. Bxe4 Nf5 17. Bh2 Nh4 18. Nxh4 Qxh4 19. Qd3 Bh6 20. c4 Bf5 21. Bxf5 Rxf5
22. Bg3 Qf6 23. b4 Rf8 24. Rae1 Bf4 25. Bxf4 Rxf4 26. Qe3 b6 27. c5 g5 28. cxb6
cxb6 29. Rc1 Rf7 30. Rc2 h5 31. Rfc1 g4 32. Rc8+ Kh7 33. R8c7 Kg6 34. Rxf7 Qxf7
35. hxg4 hxg4 36. Rc4 Rxc4 37. Qd3+ Kg5 38. Qxc4 Qf4 39. Qc7 e4 40. Qe7+ Kh5 41.
g3 Qf5 {Game drawn by mutual agreement} 1/2-1/2

[Event "Team 45 45 League T70"]
[Site "Internet Chess Club"]
[Date "2016.10.03"]
[Round "4"]
[White "Fianchettoed"]
[Black "clarinetref"]
[Result "1-0"]
[WhiteElo "1702"]
[BlackElo "1619"]
[Opening "English: symmetrical, main line with d4"]
[ECO "A39"]
[Time "19:05:16"]
[TimeControl "2700+45"]

1. Nf3 Nf6 2. g3 g6 3. Bg2 Bg7 4. c4 c5 5. O-O O-O 6. Nc3 Nc6 7. d4 cxd4 8. Nxd4
a6 9. Nc2 d6 10. Ne3 e6 11. Rb1 Qc7 12. b3 Rb8 13. Ba3 Rd8 14. Qd3 Qa5 15. Nc2
d5 16. b4 dxc4 17. Qxc4 Qe5 18. Bb2 Qh5 19. Rfd1 Bd7 20. Rd2 Ne5 21. Qf4 Bc6 22.
Rxd8+ Rxd8 23. Ne4 Nxe4 24. Bxe4 Bxe4 25. Qxe4 Ng4 26. h4 Bxb2 27. Rxb2 Nf6 28.
Qe3 Rd1+ 29. Kg2 Qd5+ 30. Qf3 Qe5 31. Rb3 Rd2 32. Ne3 Rxa2 33. Qxb7 Qe4+ 34.
Qxe4 Nxe4 35. b5 axb5 36. Rxb5 Rxe2 37. Kf3 Nd6 38. Rb8+ Kg7 39. Kxe2 {Black
resigns} 1-0